 Dungeon Crawl Stone Soup version 0.14-a0-1626-g054e7ae (webtiles) character file.

218 Mitsuki the Ruinous (level 3, -7/19 HPs)
             Began as a Deep Elf Conjurer on Dec 25, 2013.
             Was an Initiate of Kikubaaqudgha.
             Mangled by a gnoll
             ... wielding a +0,+0 spear
              (9 damage)
             ... on Level 2 of the Dungeon.
             The game lasted 00:08:52 (1728 turns).

Mitsuki the Ruinous (Deep Elf Conjurer)             Turns: 1728, Time: 00:08:52

HP  -7/19        AC  2     Str  6      XL: 3   Next: 92%
MP   2/11        EV 13     Int 19      God: Kikubaaqudgha [......]
Gold 153         SH  0     Dex 15      Spells:  1 memorised,  8 levels left

rFire  . . .     SeeInvis .     (no weapon)
rCold  . . .     Clarity  .     a - +0 elf robe
rNeg   + . .     Conserve .     (no shield)
rPois  .         rCorr    .     (no helmet)
rElec  .         rRot     .     (no cloak)
SustAb . .       Spirit   .     (no gloves)
rMut   .         Warding  .     (no boots)
Saprov . . .     Stasis   .     (no amulet)
                                g - ring of positive energy
                                e - ring of wizardry

@: slightly resistant to hostile enchantments, fairly stealthy
A: no striking features
a: Renounce Religion


You were on level 2 of the Dungeon.
You worshipped Kikubaaqudgha.
Kikubaaqudgha was noncommittal.
You were very full.

You visited 1 branch of the dungeon, and saw 3 of its levels.

You collected 153 gold pieces.

Inventory:

Armour
 a - a +0 elven robe (worn)
Comestibles
 b - 5 bread rations
Jewellery
 e - a ring of wizardry (left hand)
 g - a ring of positive energy (right hand)
 i - an uncursed amulet of warding {unknown}
Potions
 f - 2 potions of curing {unknown}
 j - a potion of mutation {unknown}
 k - 2 potions of poison {unknown}
 l - a potion of might {unknown}
Books
 c - a book of Conjurations

   Spells                             Type                      Level
   *Magic Dart                        Conjuration                  1
   Searing Ray                        Conjuration                  2
   Dazzling Spray                     Conjuration/Hexes            3
   Iskenderun's Mystic Blast          Conjuration                  4
   Iskenderun's Battlesphere          Conjuration/Charms           4
   Fulminant Prism                    Conjuration/Hexes            5


   Skills:
 + Level 2.8 Dodging
 + Level 2.5 Stealth
 + Level 3.6 Spellcasting
 + Level 5.6 Conjurations


You had 8 spell levels left.
You knew the following spells:

 Your Spells              Type           Power        Failure   Level  Hunger
a - Magic Dart            Conj           ###.         1%          1    None


Dungeon Overview and Level Annotations

Branches:
Dungeon (3/16)

Altars:
Kikubaaqudgha
Xom

Annotations:
D:3 Ijyb


Message History

The gnoll is severely wounded.
The gnoll closely misses you.
Casting: Magic Dart
Confirm with . or Enter, or press ? or * to list all spells.
Aiming: Magic Dart
Press: ? - help, Shift-Dir - straight line, f/p - gnoll
Aim: a gnoll, wielding a spear (severely wounded)
The magic dart hits the gnoll.
The gnoll is severely wounded.
The gnoll misses you.
Casting: Magic Dart
Confirm with . or Enter, or press ? or * to list all spells.
Aiming: Magic Dart
Press: ? - help, Shift-Dir - straight line, f/p - gnoll
Aim: a gnoll, wielding a spear (severely wounded)
The magic dart hits the gnoll.
The gnoll is almost dead.
The gnoll hits you from afar with a spear!
You die...
Kikubaaqudgha rasps: "You have failed me!
Welcome... death!"

# #.P..P.....# #
#....#PP...## ##
##PP.###.....# .#
#######............#
.####................%.#
......#####.##.._..##..#
......# #.#.......#..#
......# #.#########..#
...%..# #.....@.g....#
...(..# ##..#####....#
##.##.## ##..##.g..####
#.#...####...##.##.#
#.#..........##.##.#
#.#...####.....>...#
#.#############.####
#.####.....##.....#
##...##.....##.#.#.#


You could see a gnoll.

Vanquished Creatures
  A gnoll (D:3)
  3 adders (D:2)
  A giant cockroach (D:1)
  4 goblins
  3 hobgoblins
  3 kobolds
  A quokka (D:2)
  3 bats (D:1)
  3 giant newts
  6 rats
28 creatures vanquished.

Notes
Turn   | Place    | Note
--------------------------------------------------------------
     0 | D:1      | Mitsuki, the Deep Elf Conjurer, began the quest for the Orb.
     0 | D:1      | Reached XP level 1. HP: 10/10 MP: 5/5
   197 | D:1      | Reached XP level 2. HP: 15/15 MP: 4/8
   742 | D:2      | Reached skill level 5 in Conjurations
   788 | D:2      | Found an ancient bone altar of Kikubaaqudgha.
   793 | D:2      | Became a worshipper of Kikubaaqudgha
   912 | D:2      | Reached XP level 3. HP: 13/19 MP: 4/11
  1305 | D:2      | Found a shimmering altar of Xom.
  1305 | D:2      | Found a shimmering altar of Xom.
  1306 | D:2      | Found a shimmering altar of Xom.
  1531 | D:3      | Noticed Ijyb
  1728 | D:2      | Mangled by a gnoll

Action                   || total
-------------------------++-------
 Cast: Magic Dart        ||    73
  Use: Scroll            ||     7
